 Dungeon Crawl Stone Soup version 0.31.0-9-g3a7656b989 (webtiles) character file.

Game seed: 7237888720716658168

251 qw the Shooter (level 5, -1/41 HPs)
             Began as a Demigod Hunter on Feb 2, 2024.
             Killed from afar by an acid dragon (19 damage)
             ... with a splash of acid
             ... on level 5 of the Dungeon.
             The game lasted 00:00:13 (2946 turns).

qw the Shooter (Demigod Hunter)                     Turns: 2946, Time: 00:00:13

Health: -1/41      AC:  8    Str: 12    XL:     5   Next: 57%
Magic:  7/7        EV: 11    Int: 11    God:
Gold:   104        SH:  0    Dex: 21    Spells: 4/4 levels left

rFire   . . .        c - +0 arbalest
rCold   . . .        (shield currently unavailable)
rNeg    + . .        d - +0 ring mail
rPois   .            (no helmet)
rElec   .            l - +0 cloak
rCorr   .            g - +1 pair of gloves
SInv    .            (no boots)
Will    .....        (no amulet)
Stlth   +            e - ring of positive energy
HPRegen 0.26/turn    (no ring)
MPRegen 0.10/turn

%: no passive effects
@: no status effects
A: high MP 1, forlorn, divine attributes
a: no special abilities


You were on level 5 of the Dungeon.
You visited 1 branch of the dungeon, and saw 5 of its levels.

You collected 234 gold pieces.
You spent 130 gold pieces at shops.


Innate Abilities, Weirdness & Mutations

You have an increased reservoir of magic. (+10% MP)
You shall have no god before yourself.
Your divine heritage dramatically boosts your attributes as you level up.


   Skills:
 + Level 2.0 Fighting
 - Level 6.2 Ranged Weapons
 - Level 1.0 Armour
 - Level 2.0 Dodging
 - Level 0.8 Stealth


You had 4 spell levels left.
You didn't know any spells.
Your spell library was empty.

Inventory:

Hand Weapons
 c - a +0 arbalest (weapon)
Armour
 d - a +0 ring mail (worn)
 g - a +1 pair of gloves (worn)
 l - a +0 cloak (worn)
Jewellery
 e - a ring of positive energy (left hand)
Potions
 b - a potion of heal wounds
 f - a potion of enlightenment
 h - a potion of might
 i - a potion of mutation

Dungeon Overview and Level Annotations

Branches:
Dungeon (5/15)
 Temple: D:4-7

Shops:
D:3 (   D:4 [

Annotations:
D:4 2 transporters


Message History

Partly explored, unvisited transporter.
2860 ||| READING scroll of identify.
2860 ||| IDENTIFYING dark potion
As you read the scroll of identify, it crumbles to dust.
j - a potion of attraction Partly explored, unvisited transporter.
2861 ||| DROPPING potion of attraction.
You drop a potion of attraction.
Partly explored, unvisited transporter.
What level of the Dungeon? (default 4, ? - help)
There is a stone staircase leading down here.
You climb downwards.
Found a stone staircase leading up.
There is a stone staircase leading up here.
An acid dragon is nearby!
Waypoint 4 assigned to D:5.
You shoot a bolt. The bolt hits the acid dragon!
The acid dragon roars!
The acid dragon is moderately wounded.
You shoot a bolt. The bolt hits the acid dragon.
The acid dragon is moderately wounded.
The acid dragon spits acid at you. The splash of acid hits you!
2880 ||| STAIRDANCE You climb upwards.
Level annotation: 2 transporters
There is a stone staircase leading down here.
You start resting.
HP restored.
You climb downwards.
There is a stone staircase leading up here.
You shoot a bolt.
The bolt closely misses the acid dragon.
You shoot a bolt. The bolt hits the acid dragon.
The acid dragon is lightly wounded.
The acid dragon bites you! The acid dragon claws you.
The acid dragon bites you. The acid dragon claws you.
You shoot a bolt. The bolt barely misses the acid dragon.
The acid dragon bites you! The acid dragon misses you.
The acid dragon spits acid at you. The splash of acid hits you!!
You die...

.........#
.........#
..<......#
.........#
.........+
.........#
#......#
#...D@.#
#.......#
#.......#
#.......#
#.......#
###+##..#
####


You could see an acid dragon (catching breath).

Vanquished Creatures
  Edmund (D:4)
  4 gnolls (D:3)
  2 adders
  A shadow imp (D:4)
  2 dart slugs
  A ribbon worm (D:2)
  5 orcs (D:4)
  5 ball pythons
  2 bats
  7 endoplasms
  4 giant cockroaches
  5 goblins
  2 hobgoblins
  2 quokkas (D:1)
  2 frilled lizards (D:1)
  11 kobolds
  3 rats
59 creatures vanquished.

Notes
Turn   | Place    | Note
-------+----------+-------------------------------------------
     0 | D:1      | qw the Demigod Hunter began the quest for the Orb.
     0 | D:1      | Reached XP level 1. HP: 17/17 MP: 3/3
     0 | D:1      | 0 ||| qw: Version: 0.3-a-155-g5e7d8dd
     0 | D:1      | 0 ||| qw: Game counter: 17
     0 | D:1      | 0 ||| qw: Melee chars always use a shield: true
     0 | D:1      | 0 ||| qw: God list: Okawaru
     0 | D:1      | 0 ||| qw: Allow faded altars: false
     0 | D:1      | 0 ||| qw: Do Orc after clearing Dungeon:15 true
     0 | D:1      | 0 ||| qw: Do second Lair branch before Depths: true
     0 | D:1      | 0 ||| qw: Lair rune preference: random
     0 | D:1      | 0 ||| qw: Goals: Normal
     0 | D:1      | 0 ||| PLANNING D:1-11
   138 | D:1      | Reached skill level 4 in Ranged Weapons
   164 | D:1      | Reached XP level 2. HP: 24/24 MP: 4/4
   604 | D:1      | 604 ||| UPGRADING to +0 pair of gloves.
   609 | D:1      | 609 ||| READING scroll labelled POUMERO BEKH.
   609 | D:1      | 609 ||| ENCHANTING +0 shortbow.
   610 | D:1      | 610 ||| READING 2 scrolls labelled BIEPAUM HYULU.
   711 | D:1      | 711 ||| DROPPING scroll of butterflies.
   712 | D:1      | 712 ||| DROPPING scroll of vulnerability.
  1154 | D:2      | Reached XP level 3. HP: 19/29 MP: 5/5
  1405 | D:2      | 1405 ||| DROPPING amulet of magic regeneration.
  1406 | D:2      | 1406 ||| READING 2 scrolls labelled CEMOSHOOMI.
  1406 | D:2      | 1406 ||| IDENTIFYING coppery potion
  1407 | D:2      | 1407 ||| READING scroll of identify.
  1407 | D:2      | 1407 ||| IDENTIFYING cyan potion
  1408 | D:2      | 1408 ||| READING scroll labelled COCSUM FATZUOPH.
  1409 | D:2      | 1409 ||| DRINKING 2 fuming puce potions.
  1410 | D:2      | 1410 ||| DRINKING 2 fizzy red potions.
  1435 | D:2      | 1435 ||| DROPPING potion of brilliance.
  1436 | D:2      | 1436 ||| DROPPING potion of lignification.
  1506 | D:3      | Found Danyawk's Weapon Emporium.
  1517 | D:3      | 1517 ||| SHOPLISTING +5 longbow (368 gold, have 134).
  1654 | D:3      | Identified the +10 long sword of Rotation {flame, rPois
                  | Str+2}
  1783 | D:3      | Reached skill level 5 in Ranged Weapons
  1790 | D:3      | Reached XP level 4. HP: 15/36 MP: 6/6
  1790 | D:3      | 1790 ||| FLEEEEING.
  1791 | D:3      | 1791 ||| FLEEEEING.
  1792 | D:3      | 1792 ||| FLEEEEING.
  1793 | D:3      | 1793 ||| FLEEEEING.
  1794 | D:3      | 1794 ||| FLEEEEING.
  1795 | D:3      | 1795 ||| FLEEEEING.
  1796 | D:3      | 1796 ||| FLEEEEING.
  1797 | D:3      | 1797 ||| FLEEEEING.
  1798 | D:3      | 1798 ||| FLEEEEING.
  1799 | D:3      | 1799 ||| FLEEEEING.
  1800 | D:3      | 1800 ||| FLEEEEING.
  1801 | D:3      | 1801 ||| FLEEEEING.
  1802 | D:3      | 1802 ||| FLEEEEING.
  1962 | D:3      | 1962 ||| UPGRADING to +0 ring mail.
  1972 | D:3      | 1972 ||| DROPPING +0 leather armour.
  1973 | D:3      | 1973 ||| UPGRADING to ring of positive energy.
  1974 | D:3      | 1974 ||| READING scroll of identify.
  1974 | D:3      | 1974 ||| IDENTIFYING murky pink potion
  2087 | D:4      | Found Unasam's Antique Armour Emporium.
  2095 | D:4      | 2095 ||| BUYING cloak (130 gold).
  2095 | D:4      | Bought a cloak for 130 gold pieces
  2095 | D:4      | 2095 ||| SHOPLISTING pair of boots (130 gold, have 76).
  2095 | D:4      | 2095 ||| SHOPLISTING runed ring mail (203 gold, have 76).
  2223 | D:4      | Found a transporter.
  2236 | D:4      | Reached skill level 1 in Armour
  2304 | D:4      | Found a transporter.
  2310 | D:4      | 2310 ||| UPGRADING to +0 cloak.
  2324 | D:4      | 2324 ||| READING scroll of identify.
  2324 | D:4      | 2324 ||| IDENTIFYING silvery potion
  2325 | D:4      | 2325 ||| READING scroll labelled XUOFUN MUWE.
  2331 | D:4      | 2331 ||| FLEEEEING.
  2332 | D:4      | 2332 ||| FLEEEEING.
  2333 | D:4      | 2333 ||| FLEEEEING.
  2334 | D:4      | 2334 ||| FLEEEEING.
  2335 | D:4      | 2335 ||| FLEEEEING.
  2336 | D:4      | 2336 ||| FLEEEEING.
  2337 | D:4      | 2337 ||| FLEEEEING.
  2338 | D:4      | 2338 ||| FLEEEEING.
  2339 | D:4      | 2339 ||| FLEEEEING.
  2340 | D:4      | 2340 ||| FLEEEEING.
  2341 | D:4      | 2341 ||| FLEEEEING.
  2342 | D:4      | 2342 ||| FLEEEEING.
  2343 | D:4      | 2343 ||| FLEEEEING.
  2344 | D:4      | 2344 ||| STAIRDANCE
  2380 | D:3      | 2380 ||| READING scroll labelled TOVINA ETS.
  2381 | D:3      | 2381 ||| READING scroll labelled FAMOUZ XOMIUKK.
  2382 | D:3      | 2382 ||| READING scroll labelled XICHAW YNASOIK.
  2382 | D:3      | 2382 ||| ENCHANTING +0 pair of gloves.
  2545 | D:4      | Noticed Edmund
  2546 | D:4      | 2546 ||| SWAPPING to +0 arbalest.
  2552 | D:4      | Killed Edmund
  2553 | D:4      | Reached skill level 6 in Ranged Weapons
  2553 | D:4      | Reached XP level 5. HP: 19/41 MP: 7/7
  2636 | D:4      | 2636 ||| DROPPING +1 shortbow.
  2860 | D:4      | 2860 ||| READING scroll of identify.
  2860 | D:4      | 2860 ||| IDENTIFYING dark potion
  2861 | D:4      | 2861 ||| DROPPING potion of attraction.
  2877 | D:5      | Entered Level 5 of the Dungeon
  2877 | D:5      | Noticed an acid dragon
  2880 | D:5      | 2880 ||| STAIRDANCE
  2946 | D:5      | Killed from afar by an acid dragon

Levels and vault maps discovered:
D:1:      dpeg_arrival_refuge, layout_loops_ring
D:2:      layout_basic, basic_altar,
          dreamdust_ecumenical_altar_hidden_monk_grotto,
          guppyfry_early_lair_pool
D:3:      layout_rooms, chequers_temple_overflow_statue_of_worship,
          serial_shops, shop
D:4:      gammafunk_wand_slinger, layout_basic, grunt_dithmenos_smoke,
          pdpol_wu_jian_five_deadly_venoms, serial_shops, kennysheep_little_box,
          uniq_edmund
D:5:      layout_gridville, minmay_temple_entry_slanted, uniq_blork_the_orc,
          uniq_duvessa

Skill      XL: |  1  2  3  4 |
---------------+-------------+-----
Ranged Weapons | 4 5 6 |  6.2
Fighting       | 2 |  2.0
Dodging        | 2 |  2.0
Armour         | 1 |  1.0
Stealth        | |  0.8

Action                     |  1- 3 |  4- 6 || total
---------------------------+-------+-------++-------
   Fire: Shortbow          |   110 |    28 ||   138
         Arbalest          |       |    17 ||    17
    Use: Scroll            |     5 |     7 ||    12
         Potion            |     2 |       ||     2
 Armour: Leather armour    |    17 |       ||    17
         Ring mail         |       |    15 ||    15
  Dodge: Dodged            |    12 |    10 ||    22

Table legend:
 A = Non-vault XP
 B = Vault XP
 C = Vault XP percentage of total XP
 D = Non-vault monster count
 E = Vault monster count
 F = Vault count percentage of total count
                 A         B        C        D         E       F
            +---------+---------+-------+---------+---------+-------
      Total |     195 |     164 |  45.7 |      58 |       1 |   1.7
            +---------+---------+-------+---------+---------+-------
        D:1 |      30 |       0 |   0.0 |      16 |       0 |   0.0
        D:2 |      31 |       0 |   0.0 |       9 |       0 |   0.0
        D:3 |      82 |       0 |   0.0 |      19 |       0 |   0.0
        D:4 |      52 |     164 |  75.9 |      14 |       1 |   6.7
            +---------+---------+-------+---------+---------+-------
